BLB
WASHINGTON BATS @ PHOENIX ROADRUNNERS
03/27/2060
 
TOP OF THE 1ST
Washington Bats batting - Pitching for Phoenix Roadrunners : RHP Kethan Chavchavadze
Pitching: RHP Kethan Chavchavadze
Batting: SHB Josiah White 0-0: Called Strike
0-1: Fly out, F8 (Flyball, 78D, EV 100.0 MPH)
Batting: RHB Owen Dooley 0-0: Ball
1-0: SINGLE (Line Drive, 5D, EV 102.5 MPH)
Batting: RHB Hayden Jones 0-0: Ball
1-0: Swinging Strike
1-1: Fly out, F8 (Flyball, 8LXD, EV 76.2 MPH)
Batting: RHB Parker Lee 0-0: Called Strike
0-1: Foul Ball, location: 2F
0-2: Ball
1-2: Ground out 6-3 (Groundball, 6M, EV 107.5 MPH)
Top of the 1st over - 0 runs, 1 hit, 0 errors, 1 left on base; Washington 0 - Phoenix 0
BOTTOM OF THE 1ST
Phoenix Roadrunners batting - Pitching for Washington Bats : RHP Edmund Clinton
Pitching: RHP Edmund Clinton
Batting: SHB Josiah Swallow 0-0: Foul Ball, location: 2F
0-1: Called Strike
0-2: Foul Ball, location: 2F
0-2: Fly out, F8 (Flyball, 8LS, EV 90.6 MPH)
Batting: RHB Rick Anderson 0-0: SINGLE (Groundball, 4MS, EV 69.4 MPH) (infield hit)
Batting: LHB Devon Cundiff 0-0: Called Strike
Rick Anderson is caught stealing 2nd base 2-6
0-1: Foul Ball, location: 2F
0-2: Ball
1-2: Strikes out looking
Bottom of the 1st over - 0 runs, 1 hit, 0 errors, 0 left on base; Washington 0 - Phoenix 0
TOP OF THE 2ND
Washington Bats batting - Pitching for Phoenix Roadrunners : RHP Kethan Chavchavadze
Batting: RHB Zechariah Norkus 0-0: Swinging Strike
0-1: Ball
1-1: Foul Ball, location: 2F
1-2: Ball
2-2: Foul Ball, location: 2F
2-2: SINGLE (Line Drive, 9S, EV 111.2 MPH)
Batting: LHB Evan Wilson 0-0: Called Strike
0-1: Ball
1-1: Ball
2-1: Called Strike
2-2: Ball
3-2: DOUBLE (Groundball, 5L, EV 106.2 MPH)
Zechariah Norkus to third
Batting: RHB Sean McReynolds 0-0: Ball
1-0: Foul Ball, location: 2F
1-1: Fly out, F7 (Flyball, 7, EV 95.6 MPH)
Runner from 3rd tags up, SCORES, no throw by LF
Batting: RHB Jeremy Hollabaugh 0-0: Ball
1-0: Ball
2-0: Ball
3-0: Called Strike
3-1: Swinging Strike
3-2: Base on Balls
Batting: RHB Barrington Purbacaraka 0-0: Ball
1-0: Grounds into double play, 4-6-3 (Groundball, 4, EV 101.2 MPH)
Top of the 2nd over - 1 run, 2 hits, 0 errors, 1 left on base; Washington 1 - Phoenix 0
BOTTOM OF THE 2ND
Phoenix Roadrunners batting - Pitching for Washington Bats : RHP Edmund Clinton
Batting: LHB Neil Wanat 0-0: Foul Ball, location: 2F
0-1: Swinging Strike
0-2: Fly out, F9 (Line Drive, 9D, EV 93.1 MPH)
Batting: LHB Rayshaun Stuart 0-0: Called Strike
0-1: Ball
1-1: Fly out, F9 (Line Drive, 9S, EV 98.8 MPH)
Batting: RHB Scott McDonald 0-0: Foul Ball, location: 2F
0-1: Foul Ball, location: 2F
0-2: Foul Ball, location: 2F
0-2: Ball
1-2: Ball
2-2: Ball
3-2: SINGLE (Groundball, 56S, EV 98.8 MPH)
Batting: RHB Cliff Passarelli 0-0: Ball
1-0: Ball
2-0: Ball
3-0: Called Strike
3-1: Fielders Choice at 2nd, 6-4 (Groundball, 6, EV 85.6 MPH)
Bottom of the 2nd over - 0 runs, 1 hit, 0 errors, 1 left on base; Washington 1 - Phoenix 0
TOP OF THE 3RD
Washington Bats batting - Pitching for Phoenix Roadrunners : RHP Kethan Chavchavadze
Batting: SHB Josiah White 0-0: Called Strike
0-1: Ball
1-1: SINGLE (Flyball, 5D, EV 98.1 MPH)
Batting: RHB Owen Dooley 0-0: Foul Ball, location: 2F
0-1: Ball
1-1: Ball
2-1: Foul Ball, location: 2F
2-2: Foul Ball, location: 2F
2-2: Fielders Choice at 2nd, 2-6 (Groundball, 2R, EV 73.1 MPH)
Batting: RHB Hayden Jones 0-0: Ball
Owen Dooley is caught stealing 2nd base 2-4
1-0: Called Strike
1-1: Swinging Strike
1-2: Ball
2-2: Foul Ball, location: 2F
2-2: Strikes out swinging
Top of the 3rd over - 0 runs, 1 hit, 0 errors, 0 left on base; Washington 1 - Phoenix 0
BOTTOM OF THE 3RD
Phoenix Roadrunners batting - Pitching for Washington Bats : RHP Edmund Clinton
Batting: RHB Cole Segal 0-0: Ball
1-0: SINGLE (Flyball, 89S, EV 85.0 MPH)
Batting: RHB Tyrek Schaaf 0-0: Ball
1-0: Ball
2-0: Called Strike
Pickoff Throw to First - Error! E1
Cole Segal to second
2-1: SINGLE (Groundball, 34D, EV 103.1 MPH)
Cole Segal to third
Runner from 3rd tries for Home, SAFE, throw by RF to home
Batting: SHB Josiah Swallow 0-0: Called Strike
0-1: Ball
1-1: Swinging Strike
1-2: Ball
2-2: Ball
3-2: Fly out, F8 (Line Drive, 78M, EV 86.2 MPH)
Batting: RHB Rick Anderson 0-0: Foul Ball, location: 2F
0-1: Ball
1-1: Called Strike
1-2: SINGLE (Groundball, 25, EV 61.9 MPH) (infield hit)
Tyrek Schaaf to second
Batting: LHB Devon Cundiff 0-0: Swinging Strike
0-1: Fly out, F4 (Popup, 34D, EV 53.8 MPH)
Batting: LHB Neil Wanat 0-0: Called Strike
0-1: Ball
1-1: Ball
2-1: Fly out, F7 (Line Drive, 7, EV 89.4 MPH)
Bottom of the 3rd over - 1 run, 3 hits, 1 error, 2 left on base; Washington 1 - Phoenix 1
TOP OF THE 4TH
Washington Bats batting - Pitching for Phoenix Roadrunners : RHP Kethan Chavchavadze
Batting: RHB Parker Lee 0-0: Ball
1-0: Swinging Strike
1-1: Ball
2-1: Ball
3-1: Called Strike
3-2: Strikes out swinging
Pitching: LHP Jakob Hilliard
Batting: RHB Zechariah Norkus 0-0: Called Strike
0-1: Ball
1-1: Swinging Strike
1-2: Foul Ball, location: 2F
1-2: Foul Ball, location: 2F
1-2: Foul Ball, location: 2F
1-2: Ball
2-2: Foul Ball, location: 2F
2-2: Strikes out swinging
Batting: LHB Evan Wilson 0-0: Called Strike
0-1: Ball
1-1: Fly out, F7 (Flyball, 78M, EV 90.0 MPH)
Top of the 4th over - 0 runs, 0 hits, 0 errors, 0 left on base; Washington 1 - Phoenix 1
BOTTOM OF THE 4TH
Phoenix Roadrunners batting - Pitching for Washington Bats : RHP Edmund Clinton
Batting: LHB Rayshaun Stuart 0-0: Swinging Strike
0-1: Ball
1-1: Ball
2-1: Ball
3-1: Foul Ball, location: 2F
3-2: Fly out, F7 (Line Drive, 78M, EV 101.9 MPH)
Batting: RHB Scott McDonald 0-0: Ball
1-0: Ball
2-0: Ball
3-0: Called Strike
3-1: Fly out, F7 (Line Drive, 7, EV 103.8 MPH)
Batting: RHB Cliff Passarelli 0-0: Called Strike
0-1: Ball
1-1: Reached on error, E3 (Groundball, 13, EV 82.5 MPH)
Batting: RHB Cole Segal 0-0: Called Strike
0-1: Fly out, F8 (Flyball, 8RD, EV 105.6 MPH)
Bottom of the 4th over - 0 runs, 0 hits, 1 error, 1 left on base; Washington 1 - Phoenix 1
TOP OF THE 5TH
Washington Bats batting - Pitching for Phoenix Roadrunners : LHP Jakob Hilliard
Now at 1B: Dwight Bell
Batting: RHB Sean McReynolds 0-0: Ball
1-0: Ball
2-0: Fly out, F8 (Flyball, 8LS, EV 89.4 MPH)
Batting: RHB Jeremy Hollabaugh 0-0: Foul Ball, location: 2F
0-1: Called Strike
0-2: Ball
1-2: Ball
2-2: Ball
3-2: Strikes out swinging
Batting: RHB Barrington Purbacaraka 0-0: Ball
1-0: Ground out 3-1 (Groundball, 34, EV 105.6 MPH)
Top of the 5th over - 0 runs, 0 hits, 0 errors, 0 left on base; Washington 1 - Phoenix 1
BOTTOM OF THE 5TH
Phoenix Roadrunners batting - Pitching for Washington Bats : RHP Edmund Clinton
Pitching: RHP Malcolm Schuette
Now in RF: Raymond Dixon
Batting: RHB Tyrek Schaaf 0-0: Called Strike
0-1: Ball
1-1: Swinging Strike
1-2: Ball
2-2: Ball
3-2: Strikes out looking
Batting: SHB Josiah Swallow 0-0: Called Strike
0-1: Swinging Strike
0-2: Strikes out looking
Batting: RHB Rick Anderson 0-0: Ball
1-0: Ball
2-0: Foul Ball, location: 2F
2-1: Swinging Strike
2-2: Foul Ball, location: 2F
2-2: Ball
3-2: Ground out U3 (Groundball, 34, EV 101.2 MPH)
Bottom of the 5th over - 0 runs, 0 hits, 0 errors, 0 left on base; Washington 1 - Phoenix 1
TOP OF THE 6TH
Washington Bats batting - Pitching for Phoenix Roadrunners : LHP Jakob Hilliard
Pitching: LHP Jeremy Thrasher
Now at SS: Cody Barkley
Batting: RHB Raymond Dixon 0-0: Ball
1-0: Ground out 6-3 (Groundball, 6S, EV 63.8 MPH)
Batting: RHB Owen Dooley 0-0: Ball
1-0: Ball
2-0: Called Strike
2-1: Called Strike
2-2: DOUBLE (Line Drive, 5D, EV 98.1 MPH)
Batting: RHB Louis Hockney 0-0: Called Strike
Owen Dooley steals 3rd base
0-1: Called Strike
0-2: Ball
1-2: Strikes out looking
Batting: RHB Parker Lee 0-0: Called Strike
0-1: Foul Ball, location: 2F
0-2: Ball
1-2: Ball
2-2: Strikes out swinging
Top of the 6th over - 0 runs, 1 hit, 0 errors, 1 left on base; Washington 1 - Phoenix 1
BOTTOM OF THE 6TH
Phoenix Roadrunners batting - Pitching for Washington Bats : RHP Malcolm Schuette
Pitching: LHP Darius Huschke
Now at 3B: J.C. Creamer
Now in CF: Raymond Dixon
Now in RF: Tommy Dupree
Pinch Hitting: RHB Harrison Jordan 0-0: Called Strike
0-1: Ball
1-1: Fly out, F7 (Line Drive, 78S, EV 97.5 MPH)
Pinch Hitting: RHB Reginald Botoman 0-0: Fly out, F3 (Line Drive, 34, EV 63.8 MPH)
Pinch Hitting: RHB Dalton Banks 0-0: Ball
1-0: Called Strike
1-1: Swinging Strike
1-2: Ball
2-2: Strikes out swinging
Bottom of the 6th over - 0 runs, 0 hits, 0 errors, 0 left on base; Washington 1 - Phoenix 1
TOP OF THE 7TH
Washington Bats batting - Pitching for Phoenix Roadrunners : LHP Jeremy Thrasher
Pitching: LHP Da'Shonte Ruvelas
Now at 2B: Cody Barkley
Now at SS: Harrison Jordan
Now in LF: Tavin Kang
Now in CF: Reginald Botoman
Now in RF: Josiah Swallow
Pinch Hitting: SHB Detwon Ayala 0-0: Ball
1-0: Called Strike
1-1: Foul Ball, location: 2F
1-2: Strikes out swinging
Batting: RHB J.C. Creamer 0-0: Ball
1-0: Ball
2-0: Ball
3-0: Called Strike
3-1: Base on Balls
Batting: RHB Sean McReynolds 0-0: Ball
1-0: Called Strike
1-1: Called Strike
1-2: Strikes out looking
Batting: RHB Tommy Dupree 0-0: Called Strike
0-1: Ball
1-1: Fly out, F8 (Flyball, 8RD, EV 98.1 MPH)
Top of the 7th over - 0 runs, 0 hits, 0 errors, 1 left on base; Washington 1 - Phoenix 1
BOTTOM OF THE 7TH
Phoenix Roadrunners batting - Pitching for Washington Bats : LHP Darius Huschke
Pitching: LHP Kyle Nicholas
Now at 2B: Del Pripisnov
Batting: RHB Bailey Ray 0-0: Ball
1-0: Fly out, F9 (Flyball, 9, EV 93.8 MPH)
Batting: LHB Dwight Bell 0-0: Called Strike
0-1: Foul Ball, location: 2F
0-2: Foul Ball, location: 2F
0-2: Ball
1-2: Ground out 5-3 (Groundball, 56, EV 86.2 MPH)
Batting: RHB Cole Segal 0-0: Called Strike
0-1: Ball
1-1: SINGLE (Line Drive, 4D, EV 96.9 MPH)
Batting: RHB Tyrek Schaaf 0-0: Ball
1-0: Called Strike
1-1: Foul Ball, location: 2F
1-2: Ball
2-2: Ball
3-2: Ground out 6-3 (Groundball, 6M, EV 89.4 MPH)
Bottom of the 7th over - 0 runs, 1 hit, 0 errors, 1 left on base; Washington 1 - Phoenix 1
TOP OF THE 8TH
Washington Bats batting - Pitching for Phoenix Roadrunners : LHP Da'Shonte Ruvelas
Pitching: RHP Blake Galik
Pinch Hitting: RHB Ken Daly 0-0: Ball
1-0: Ball
2-0: Fly out, F7 (Flyball, 7S, EV 89.4 MPH)
Batting: RHB Raymond Dixon 0-0: Swinging Strike
0-1: Ball
1-1: Swinging Strike
1-2: Foul Ball, location: 2F
1-2: Ball
2-2: Strikes out swinging
Batting: RHB Owen Dooley 0-0: Called Strike
0-1: Ball
1-1: Ball
2-1: Ground out 5-3 (Groundball, 56, EV 88.8 MPH)
Top of the 8th over - 0 runs, 0 hits, 0 errors, 0 left on base; Washington 1 - Phoenix 1
BOTTOM OF THE 8TH
Phoenix Roadrunners batting - Pitching for Washington Bats : LHP Kyle Nicholas
Pitching: LHP Carson Engel
Now in LF: Ken Daly
Pinch Hitting: RHB Tommy Simpson 0-0: Ball
1-0: Foul Ball, location: 2F
1-1: Swinging Strike
1-2: Strikes out swinging
Batting: RHB Cody Barkley 0-0: Foul Ball, location: 2F
0-1: Swinging Strike
0-2: Foul Ball, location: 2F
0-2: Ball
1-2: Ball
2-2: Fly out, F7 (Flyball, 7LS, EV 88.1 MPH)
Batting: RHB Harrison Jordan 0-0: Swinging Strike
0-1: Foul Ball, location: 2F
0-2: Hit by Pitch
Batting: RHB Reginald Botoman 0-0: Called Strike
0-1: Called Strike
0-2: Foul Ball, location: 2F
0-2: Ball
1-2: Strikes out swinging
Bottom of the 8th over - 0 runs, 0 hits, 0 errors, 1 left on base; Washington 1 - Phoenix 1
TOP OF THE 9TH
Washington Bats batting - Pitching for Phoenix Roadrunners : RHP Blake Galik
Pitching: RHP Weston Pilling
Now in RF: Tommy Simpson
Batting: RHB Louis Hockney 0-0: Ball
1-0: Ball
2-0: Ball
3-0: Base on Balls
Batting: RHB Parker Lee 0-0: Foul Ball, location: 2F
0-1: Called Strike
0-2: Ball
1-2: Foul Ball, location: 2F
1-2: Ball
2-2: Fly out, F7 (Flyball, 7D, EV 101.2 MPH)
Batting: LHB Del Pripisnov 0-0: Called Strike
0-1: Grounds into double play, 6-4-3 (Groundball, 6, EV 102.5 MPH)
Top of the 9th over - 0 runs, 0 hits, 0 errors, 0 left on base; Washington 1 - Phoenix 1
BOTTOM OF THE 9TH
Phoenix Roadrunners batting - Pitching for Washington Bats : LHP Carson Engel
Pitching: RHP Jeremy Greene
Batting: LHB Tavin Kang 0-0: Ball
1-0: Swinging Strike
1-1: Called Strike
1-2: Ball
2-2: Ball
3-2: Foul Ball, location: 2F
3-2: Base on Balls
Batting: RHB Bailey Ray 0-0: Ball
1-0: Sac Bunt to 13S - play at second, runner OUT! 1-6
Batting: LHB Dwight Bell 0-0: Ball
1-0: Ball
2-0: Called Strike
2-1: 2-RUN HOME RUN (Flyball, 9D, EV 96.2 MPH), Distance : 368 ft
Bottom of the 9th over - 2 runs, 1 hit, 0 errors, 0 left on base; Washington 1 - Phoenix 3
Wednesday, April 17th , 2024 - OOTP Baseball 23.10 Build 110